 Dungeon Crawl Stone Soup version 0.30.0-15-g856e2d3f33 (webtiles) character file.

Game seed: 3130446230285692192

31810 qw the Fighter (level 13, 1/1 HPs)
             Began as a Gargoyle Cinder Acolyte on May 18, 2023.
             Was an Initiate of Okawaru.
             Quit the game on level 3 of the Lair of Beasts.
             The game lasted 00:09:49 (46487 turns).

qw the Fighter (Gargoyle Cinder Acolyte)           Turns: 46487, Time: 00:09:50

Health: 1/1        AC: 28    Str: 23    XL:     13   Next: 60%
Magic:  18/18      EV:  6    Int: 17    God:    Okawaru [......]
Gold:   962        SH:  8    Dex:  5    Spells: 14/14 levels left

rFire   + . .        r - +4 war axe (vamp)
rCold   . . .        q - +0 kite shield
rNeg    + . .        a - +0 plate armour
rPois   inf          k - +0 helmet
rElec   +            (no cloak)
rCorr   .            b - +2 pair of gloves
SInv    +            (no boots)
Will    .....        (no amulet) Stlth
                     o - ring of see invisible
HPRegen 0.20/turn    t - ring of the Feral God {Drain Fly rF+ Str+2}
MPRegen 0.16/turn

%: no passive effects
@: flying
A: sickness immunity, AC +9, negative energy resistance 1, electricity
resistance, torment resistance 1, petrification resistance, subdued magic 1
a: Renounce Religion


You were on level 3 of the Lair of Beasts.
You worshipped Okawaru.
Okawaru was noncommittal.
You visited 3 branches of the dungeon, and saw 15 of its levels.

You collected 1172 gold pieces.
You spent 210 gold pieces at shops.


Innate Abilities, Weirdness & Mutations

You are immune to sickness and miasma.
Your stone body is resilient. (AC +9)
You are immune to poison.
You resist negative energy. (rN+)
You are resistant to electric shocks. (rElec)
You are resistant to unholy torment.
You are immune to petrification.
Your spells are a little easier to cast, but a little less powerful.


   Skills:
 - Level 14.0 Fighting
 - Level 13.6 Axes
 - Level 3.7 Throwing
 - Level 9.0 Armour
 - Level 2.1 Dodging
 + Level 7.2 Shields
 - Level 1.0 Spellcasting
 - Level 3.0 Fire Magic
 - Level 7.2 Invocations


You had 14 spell levels left.
You didn't know any spells.
Your spell library contained the following spells:

 Spells                   Type           Power      Damage    Failure   Level
 Scorch                   Fire           16%        2d5       92%         2

Inventory:

Hand Weapons
 g - a +0 hand axe of flaming
 r - a +4 vampiric war axe (weapon)
Missiles
 p - 11 boomerangs
 x - 3 silver javelins (quivered)
Armour
 a - a +0 plate armour (worn)
 b - a +2 pair of gloves (worn)
 k - a +0 helmet (worn)
 q - a +0 kite shield (worn)
 v - the +2 pair of gloves of Dyspraxia {rF+ Int+3 Dex-3}
   (You acquired it on level 4 of the Lair of Beasts)

   Int:       It affects your intelligence (+3).
   Dex:       It affects your dexterity (-3).
   rF:        It protects you from fire.
Jewellery
 e - a ring of willpower
 m - a ring of protection from fire
 o - a ring of see invisible (left hand)
 t - the ring of the Feral God (right hand) {Drain Fly rF+ Str+2}
   (You found it on level 2 of the Lair of Beasts)

   [ring of flight]

   Str:       It affects your strength (+2).
   rF:        It protects you from fire.
   Fly:       It grants you flight.
   Drain:     It drains your maximum health when unequipped.
Wands
 i - a wand of digging (14)
Scrolls
 l - 4 scrolls of identify
 s - 7 scrolls of teleportation
 w - a scroll of brand weapon
Potions
 c - 7 potions of heal wounds
 d - 6 potions of curing
 f - 2 potions of mutation
 h - 2 potions of cancellation
 j - 2 potions of magic
 n - 3 potions of might
 u - a potion of haste

Dungeon Overview and Level Annotations

Branches:
Dungeon (10/15)            Temple (1/1) D:5            Lair (4/5) D:10
 Shoals (0/4) Lair:3       Spider (0/4) Lair:2        Slime (0/5) Lair:4
    Orc: D:9-12

Altars:
Ashenzari
Cheibriados
Dithmenos
Elyvilon
Fedhas
Gozag
Hepliaklqana
Kikubaaqudgha
Makhleb
Nemelex Xobeh
Okawaru
Qazlal
Ru
Sif Muna
Trog
Uskayaw
Vehumet
Wu Jian
Xom
Zin
The Shining One
Jiyva

Shops:
D:5 !   D:10 :

Annotations:
D:7 2 runed translucent doors


Message History

There is an escape hatch in the ceiling, spattered with blood here.
There is a stone staircase leading down here.
There is a stone staircase leading up here.
There is a stone staircase leading up here.
There is a stone staircase leading up here.
There is a stone staircase leading down here.
There is a stone staircase leading up here.
You see here a scroll of immolation.
Zot has nearly found you.
Suffering is imminent.
Descend or flee this branch!
There is an escape hatch in the ceiling, spattered with blood here.
There is a stone staircase leading up here.
You see here a scroll of immolation.
Zot's power touches on you...
You have lingered too long.
Zot senses you.
Dive deeper or flee this branch before you suffer!
There is an escape hatch in the ceiling, spattered with blood here.
There is a stone staircase leading up here.
There is a stone staircase leading up here.
You see here a scroll of immolation.
There is an escape hatch in the ceiling, spattered with blood here.
There is a stone staircase leading down here.
There is a stone staircase leading up here.
There is a stone staircase leading down here.
There is an escape hatch in the ceiling, spattered with blood here.
There is a stone staircase leading up here.
There is a stone staircase leading up here.
Zot draws nearer.
Dive deeper or flee this branch before you suffer!
There is a stone staircase leading up here.
There is an escape hatch in the ceiling, spattered with blood here.
There is a stone staircase leading up here.
There is a stone staircase leading up here.
There is a stone staircase leading up here.
There is a stone staircase leading up here.
You see here a scroll of fog.
There is a stone staircase leading down here.
There is a stone staircase leading up here.
There is a stone staircase leading down here.
Zot has nearly found you.
Suffering is imminent.
Descend or flee this branch!
There is a stone staircase leading up here.
Zot's power touches on you...
Are you sure you want to abandon this character and quit the game? (Confirm with "yes".)

##.### #~##.....#~###### #...##
### #~~#.._).##~##.#. ##...#
###.####~~~)~~)#~~#....
##..#####....####~~~~~~~~~#....
#P..##.......# #~~~~~~~~##....
#............# ##~~~~~~###....
##...#.......# #~~~~~~# #....
###.........####......###[...
##........@....#...#.<.....
#...............####......
##............P.# #.......
##.............## #.......
#.....~~~#....## #.......
##...~~...#...P# ##.......
##/###~~~###...# #........ #
#..#.~...~~#.#.# #........ #
##..~~~>.~~...## #........


There were no monsters in sight!

Vanquished Creatures
  2 two-headed ogres
  2 death yaks (Lair:4)
  A boulder beetle (Lair:1)
  A skyshark (Lair:2)
  A pharaoh ant (Lair:2)
  Lodul (D:10)
  An oklob plant (Lair:4)
  8 elephants
  A water nymph (Lair:3)
  5 black mambas
  4 cane toads
  2 torpor snails
  3 komodo dragons
  A hornet (D:7)
  3 polar bears
  Grinder (D:4)
  Prince Ribbit (D:7)
  2 tarantellas (Lair:2)
  8 blink frogs
  7 dream sheep (Lair:4)
  Sigmund (D:2)
  A jumping spider (Lair:2)
  19 yaks
  10 fire elementals
  2 basilisks
  4 wyverns
  Menkaure (D:7)
  2 steam dragons (D:9)
  29 water moccasins
  An acid dragon (D:10)
  2 black bears (D:5)
  An ice beast (D:7)
  A sky beast (D:7)
  7 orc warriors
  10 ogres
  9 wolves
  10 centaurs
  3 kobold brigands
  15 bullfrogs
  5 scorpions
  8 wights
  5 killer bees (D:9)
  2 howler monkeys
  4 jellies
  5 hounds
  8 orc priests
  4 iguanas
  A sleepcap (D:6)
  Ijyb (D:3)
  13 orc wizards
  Robin (D:3)
  18 adders
  4 gnolls (D:7)
  A shadow imp (D:6)
  2 white imps (D:7)
  2 ufetubi (D:5)
  4 worms
  5 dart slugs
  56 orcs
  8 bats
  6 endoplasms
  2 giant cockroaches (D:2)
  14 goblins
  23 hobgoblins
  11 jackals
  12 ball pythons
  3 frilled lizards
  24 kobolds
  7 rats
  A spectral orc (D:5)
443 creatures vanquished.

Notes
Turn   | Place    | Note
-------+----------+-------------------------------------------
     0 | D:1      | qw the Gargoyle Cinder Acolyte began the quest for the Orb.
     0 | D:1      | Reached XP level 1. HP: 14/14 MP: 2/2
     0 | D:1      | 0 ||| qw: Version: 0.2-a-95-gc95f03d
     0 | D:1      | 0 ||| qw: Game counter: 24
     0 | D:1      | 0 ||| qw: Always use a shield: true
     0 | D:1      | 0 ||| qw: God list: Okawaru
     0 | D:1      | 0 ||| qw: Allow faded altars: false
     0 | D:1      | 0 ||| qw: Do Orc after D:15 true
     0 | D:1      | 0 ||| qw: Do second Lair branch before Depths: true
     0 | D:1      | 0 ||| qw: Lair rune preference: random
     0 | D:1      | 0 ||| qw: Plans: Normal
     0 | D:1      | 0 ||| PLANNING D:1-11
    51 | D:1      | Reached skill level 3 in Axes
    58 | D:1      | 58 ||| INVOKING Fiery Armour.
    60 | D:1      | Reached XP level 2. HP: 6/19 MP: 3/3
   270 | D:1      | 270 ||| INVOKING Fiery Armour.
   352 | D:1      | Reached XP level 3. HP: 23/23 MP: 4/4
   432 | D:1      | 432 ||| Stepping ~*~*~tactically~*~*~ (stealth).
   433 | D:1      | 433 ||| Stepping ~*~*~tactically~*~*~ (stealth).
   486 | D:1      | Found Ferogef's General Store.
   735 | D:1      | 735 ||| Stepping ~*~*~tactically~*~*~ (stealth).
   805 | D:1      | 805 ||| UPGRADING to +0 scale mail.
   815 | D:1      | 815 ||| DROPPING +0 robe.
   816 | D:1      | 816 ||| READING scroll labelled PUBOUN WAFFEI.
   855 | D:2      | 855 ||| INVOKING Fiery Armour.
   916 | D:2      | 916 ||| Stepping ~*~*~tactically~*~*~ (hiding).
   940 | D:2      | Reached skill level 1 in Armour
   956 | D:2      | Noticed Sigmund
   968 | D:2      | Killed Sigmund
   969 | D:2      | Reached XP level 4. HP: 28/28 MP: 5/5
   969 | D:2      | Reached XP level 5. HP: 32/32 MP: 6/6
  1247 | D:2      | Reached XP level 6. HP: 37/37 MP: 7/7
  1615 | D:2      | 1615 ||| READING 2 scrolls labelled XACKUC ILYIHA.
  1616 | D:2      | 1616 ||| READING scroll labelled CIKOKH LIESUPH.
  1617 | D:2      | 1617 ||| DRINKING 2 murky green potions.
  1618 | D:2      | 1618 ||| DROPPING scroll of fear.
  1733 | D:3      | 1733 ||| Stepping ~*~*~tactically~*~*~ (hiding).
  1738 | D:3      | 1738 ||| Stepping ~*~*~tactically~*~*~ (hiding).
  1739 | D:3      | 1739 ||| Stepping ~*~*~tactically~*~*~ (stealth).
  1752 | D:3      | HP: 8/38 [orc priest/divine providence (13)]
  1753 | D:3      | 1753 ||| INVOKING Fiery Armour.
  1758 | D:3      | Reached skill level 4 in Fighting
  1898 | D:3      | 1898 ||| Stepping ~*~*~tactically~*~*~ (hiding).
  2314 | D:3      | Found a faded altar of an unknown god.
  2467 | D:3      | 2467 ||| UPGRADING to +0 helmet.
  2472 | D:3      | 2472 ||| READING scroll labelled AJILOA NIWITA.
  2473 | D:3      | 2473 ||| DRINKING 2 sapphire potions.
  2474 | D:3      | 2474 ||| DROPPING potion of degeneration.
  2493 | D:4      | 2493 ||| INVOKING Fiery Armour.
  2496 | D:4      | HP: 9/38 [iguana (3)]
  2498 | D:4      | HP: 4/38 [iguana (6)]
  2592 | D:4      | Noticed Robin
  2596 | D:4      | Noticed Ijyb
  2597 | D:4      | 2597 ||| STAIRDANCE
  2630 | D:4      | 2630 ||| STAIRDANCE
  2706 | D:4      | 2706 ||| INVOKING Fiery Armour.
  2707 | D:4      | 2707 ||| STAIRDANCE
  2711 | D:3      | Killed Ijyb
  2711 | D:3      | Killed Robin
  2712 | D:3      | Reached skill level 6 in Axes
  2874 | D:4      | Found a radiant altar of Vehumet.
  2876 | D:4      | Noticed Grinder
  2877 | D:4      | 2877 ||| Stepping ~*~*~tactically~*~*~ (hiding).
  2882 | D:4      | Paralysed by Grinder for 5 turns
  2888 | D:4      | Paralysed by Grinder for 4 turns
  2895 | D:4      | Killed Grinder
  2896 | D:4      | Reached XP level 7. HP: 24/43 MP: 8/8
  2905 | D:4      | 2905 ||| Stepping ~*~*~tactically~*~*~ (stealth).
  2918 | D:4      | 2918 ||| INVOKING Fiery Armour.
  3094 | D:4      | 3094 ||| Stepping ~*~*~tactically~*~*~ (stealth).
  3168 | D:4      | 3168 ||| Stepping ~*~*~tactically~*~*~ (hiding).
  3377 | D:4      | Found a stormy altar of Qazlal.
  3509 | D:4      | Found a broken altar of Ashenzari.
  3513 | D:4      | Saw a vision of the Shoals and the Spider Nest.
  3513 | D:4      | Noticed a skyshark
  3513 | D:4      | Noticed a sea snake
  3513 | D:4      | Noticed a sea snake
  3513 | D:4      | Noticed a merfolk
  3513 | D:4      | Noticed a steelbarb worm
  3513 | D:4      | Noticed a pharaoh ant
  3513 | D:4      | Noticed a sea snake
  3513 | D:4      | Noticed a redback
  3513 | D:4      | Noticed a moth of wrath
  3513 | D:4      | Noticed a pharaoh ant
  3513 | D:4      | Noticed a steelbarb worm
  3513 | D:4      | Noticed a water nymph
  3513 | D:4      | Noticed a snapping turtle
  3513 | D:4      | Noticed a pharaoh ant
  3513 | D:4      | Noticed a jumping spider
  3513 | D:4      | Noticed a demonic crawler
  3514 | D:4      | Noticed a jumping spider
  3514 | D:4      | Noticed a demonic crawler
  3515 | D:4      | Noticed an orb spider
  3515 | D:4      | Noticed a wolf spider
  3516 | D:4      | Noticed a redback
  3642 | D:4      | 3642 ||| UPGRADING to +1 pair of gloves.
  3647 | D:4      | 3647 ||| UPGRADING to +0 chain mail.
  3657 | D:4      | 3657 ||| DROPPING +0 scale mail.
  3658 | D:4      | 3658 ||| READING scroll labelled GURE RETWOGG.
  3659 | D:4      | 3659 ||| READING scroll labelled IVIBLOTUPO.
  3660 | D:4      | 3660 ||| DRINKING 2 orange potions.
  3661 | D:4      | 3661 ||| DRINKING 2 emerald potions.
  3661 | D:4      | Gained mutation: Your spells are a little easier to cast,
                  | but a little less powerful. [potion of mutation]
  3662 | D:4      | 3662 ||| DROPPING potion of flight.
  3697 | D:5      | Entered Level 5 of the Dungeon
  3714 | D:5      | Found a shadowy altar of Dithmenos.
  3717 | D:5      | Found Zilith's Distillery.
  3732 | D:5      | 3732 ||| BUYING potion of curing (42 gold).
  3732 | D:5      | Bought a potion of curing for 42 gold pieces
  3732 | D:5      | 3732 ||| BUYING potion of curing (42 gold).
  3732 | D:5      | Bought a potion of curing for 42 gold pieces
  3732 | D:5      | 3732 ||| SHOPLISTING potion of haste (140 gold, have 129).
  3732 | D:5      | 3732 ||| BUYING potion of heal wounds (70 gold).
  3732 | D:5      | Bought a potion of heal wounds for 70 gold pieces
  3732 | D:5      | 3732 ||| BUYING potion of might (56 gold).
  3732 | D:5      | Bought a potion of might for 56 gold pieces
  3732 | D:5      | 3732 ||| SHOPLISTING potion of might (56 gold, have 3).
  3758 | D:5      | Found a staircase to the Ecumenical Temple.
  3776 | D:5      | 3776 ||| INVOKING Fiery Armour.
  3778 | D:5      | Reached skill level 3 in Armour
  3886 | D:5      | Reached skill level 5 in Fighting
  3887 | D:5      | 3887 ||| Stepping ~*~*~tactically~*~*~ (stealth).
  3889 | D:5      | 3889 ||| INVOKING Fiery Armour.
  3890 | D:5      | Reached XP level 8. HP: 46/49 MP: 9/9
  3905 | D:5      | Found a sacrificial altar of Ru.
  3955 | D:5      | 3955 ||| Stepping ~*~*~tactically~*~*~ (hiding).
  4100 | D:5      | 4100 ||| SWAPPING to +0 war axe.
  4246 | D:5      | 4246 ||| READING 3 scrolls of enchant weapon.
  4246 | D:5      | 4246 ||| ENCHANTING +0 war axe.
  4247 | D:5      | 4247 ||| READING 2 scrolls of enchant weapon.
  4247 | D:5      | 4247 ||| ENCHANTING +1 war axe.
  4248 | D:5      | 4248 ||| READING scroll of enchant weapon.
  4248 | D:5      | 4248 ||| ENCHANTING +2 war axe.
  4385 | D:5      | Found a hazy altar of Hepliaklqana.
  4387 | D:5      | 4387 ||| Stepping ~*~*~tactically~*~*~ (stealth).
  4488 | D:5      | Found a blossoming altar of Fedhas.
  4496 | D:5      | 4496 ||| READING scroll labelled SOCKEO FUNIF.
  4497 | D:5      | 4497 ||| READING scroll labelled IWETOV UNIMASUXA.
  4501 | D:5      | 4501 ||| READING scroll labelled APNOPHI ECIAQ.
  4602 | D:5      | 4602 ||| DRINKING 2 murky white potions.
  4603 | D:5      | 4603 ||| READING 3 scrolls of identify.
  4603 | D:5      | 4603 ||| IDENTIFYING clear potion
  4604 | D:5      | 4604 ||| DRINKING potion of experience.
  4604 | D:5      | Reached skill level 14 in Fighting
  4604 | D:5      | Reached XP level 9. HP: 69/69 MP: 10/10
  4605 | D:5      | 4605 ||| READING 2 scrolls of identify.
  4605 | D:5      | 4605 ||| IDENTIFYING fizzy white potion
  4606 | D:5      | 4606 ||| DROPPING potion of brilliance.
  4607 | D:5      | 4607 ||| DROPPING potion of lignification.
  4714 | D:6      | 4714 ||| Stepping ~*~*~tactically~*~*~ (stealth).
  4715 | D:6      | 4715 ||| Stepping ~*~*~tactically~*~*~ (stealth).
  4716 | D:6      | 4716 ||| Stepping ~*~*~tactically~*~*~ (stealth).
  4765 | D:6      | 4765 ||| Stepping ~*~*~tactically~*~*~ (hiding).
  4938 | D:6      | 4938 ||| Stepping ~*~*~tactically~*~*~ (stealth).
  5150 | D:6      | Reached skill level 9 in Axes
  5150 | D:6      | Reached XP level 10. HP: 50/75 MP: 11/11
  5354 | D:6      | Found a burning altar of Makhleb.
  5372 | D:6      | 5372 ||| READING scroll of enchant weapon.
  5372 | D:6      | 5372 ||| ENCHANTING +3 war axe.
  5396 | D:6      | 5396 ||| UPGRADING to +0 plate armour.
  5406 | D:6      | 5406 ||| DROPPING +0 chain mail.
  5407 | D:6      | 5407 ||| UPGRADING to ring of willpower.
  5408 | D:6      | 5408 ||| READING scroll labelled RINLANGIOTA.
  5429 | D:7      | Found a flagged portal.
  5430 | D:7      | Noticed Menkaure
  5431 | D:7      | Noticed Prince Ribbit
  5432 | D:7      | 5432 ||| INVOKING Fiery Armour.
  5439 | D:7      | Killed Prince Ribbit
  5440 | D:7      | Reached skill level 1 in Throwing
  5441 | D:7      | Killed Menkaure
  5516 | D:7      | Found a hide-covered altar of Uskayaw.
  5516 | D:7      | Noticed a +0 short sword
  5516 | D:7      | Noticed a +0 spear
  5516 | D:7      | Noticed a +0 dagger
  5517 | D:7      | Noticed a +0 short sword
  5518 | D:7      | Noticed a +0 falchion
  5518 | D:7      | Noticed a +0 falchion
  5519 | D:7      | Noticed a +0 dagger
  5520 | D:7      | Noticed a +0 spear
  5700 | D:7      | 5700 ||| Stepping ~*~*~tactically~*~*~ (stealth).
  5736 | D:7      | 5736 ||| Stepping ~*~*~tactically~*~*~ (hiding).
  5887 | D:7      | 5887 ||| Stepping ~*~*~tactically~*~*~ (stealth).
  5891 | D:7      | 5891 ||| Stepping ~*~*~tactically~*~*~ (stealth).
  5903 | D:7      | 5903 ||| Stepping ~*~*~tactically~*~*~ (stealth).
  5928 | D:7      | 5928 ||| Stepping ~*~*~tactically~*~*~ (hiding).
  5930 | D:7      | 5930 ||| Stepping ~*~*~tactically~*~*~ (hiding).
  5931 | D:7      | 5931 ||| Stepping ~*~*~tactically~*~*~ (hiding).
  6154 | D:7      | Reached skill level 6 in Armour
  6360 | D:7      | Found a large runed translucent door.
  6360 | D:7      | Found a large runed translucent door.
  6589 | D:7      | 6589 ||| UPGRADING to ring of protection from fire.
  6590 | D:7      | 6590 ||| Stepping randomly (disturbance).
  6591 | D:7      | 6591 ||| READING scroll labelled VUN DIDDOEH.
  6592 | D:7      | 6592 ||| Stepping randomly (disturbance).
  7054 | D:8      | 7054 ||| Stepping ~*~*~tactically~*~*~ (hiding).
  7055 | D:8      | 7055 ||| Stepping ~*~*~tactically~*~*~ (hiding).
  7056 | D:8      | 7056 ||| Stepping ~*~*~tactically~*~*~ (hiding).
  7075 | D:8      | 7075 ||| Stepping ~*~*~tactically~*~*~ (stealth).
  7167 | D:8      | 7167 ||| Stepping ~*~*~tactically~*~*~ (stealth).
  7170 | D:8      | 7170 ||| READING 2 scrolls labelled CEMOISO OQAKH.
  7172 | D:8      | 7172 ||| READING scroll of brand weapon.
  7172 | D:8      | 7172 ||| BRANDING +4 war axe of venom.
  7388 | D:8      | 7388 ||| Stepping ~*~*~tactically~*~*~ (hiding).
  7390 | D:8      | 7390 ||| Stepping ~*~*~tactically~*~*~ (hiding).
  7391 | D:8      | 7391 ||| Stepping ~*~*~tactically~*~*~ (hiding).
  7577 | D:8      | 7577 ||| READING 2 scrolls labelled AZUYN VUOME.
  7578 | D:8      | 7578 ||| READING scroll of enchant armour.
  7578 | D:8      | 7578 ||| ENCHANTING +1 pair of gloves.
  7579 | D:8      | 7579 ||| DRINKING 2 inky potions.
  7684 | D:8      | 7684 ||| READING 2 scrolls of identify.
  7684 | D:8      | 7684 ||| IDENTIFYING sedimented grey potion
  7685 | D:8      | 7685 ||| DROPPING potion of attraction.
  7686 | D:8      | 7686 ||| DROPPING potion of berserk rage.
  7762 | D:9      | 7762 ||| INVOKING Fiery Armour.
  7840 | D:9      | 7840 ||| Stepping ~*~*~tactically~*~*~ (hiding).
  7914 | D:9      | 7914 ||| Stepping ~*~*~tactically~*~*~ (hiding).
  8043 | D:9      | 8043 ||| Stepping ~*~*~tactically~*~*~ (stealth).
  8165 | D:9      | 8165 ||| Stepping ~*~*~tactically~*~*~ (hiding).
  8249 | D:9      | 8249 ||| Stepping ~*~*~tactically~*~*~ (hiding).
  8293 | D:9      | 8293 ||| Stepping ~*~*~tactically~*~*~ (stealth).
  8294 | D:9      | 8294 ||| Stepping ~*~*~tactically~*~*~ (stealth).
  8295 | D:9      | 8295 ||| Stepping ~*~*~tactically~*~*~ (stealth).
  8295 | D:9      | Found a shimmering altar of Xom.
  8338 | D:9      | 8338 ||| Stepping ~*~*~tactically~*~*~ (hiding).
  8339 | D:9      | 8339 ||| Stepping ~*~*~tactically~*~*~ (hiding).
  8340 | D:9      | 8340 ||| Stepping ~*~*~tactically~*~*~ (hiding).
  8341 | D:9      | 8341 ||| Stepping ~*~*~tactically~*~*~ (hiding).
  8628 | D:10     | Entered Level 10 of the Dungeon
  8629 | D:10     | 8629 ||| Stepping ~*~*~tactically~*~*~ (hiding).
  8642 | D:10     | Reached XP level 11. HP: 77/80 MP: 12/12
  8672 | D:10     | 8672 ||| INVOKING Fiery Armour.
  8672 | D:10     | Noticed Lodul
  8687 | D:10     | Killed Lodul
  8740 | D:10     | Noticed a two-headed ogre
  8746 | D:10     | Killed a two-headed ogre
  8773 | D:10     | 8773 ||| Stepping ~*~*~tactically~*~*~ (hiding).
  8782 | D:10     | 8782 ||| Stepping ~*~*~tactically~*~*~ (stealth).
  8792 | D:10     | 8792 ||| PLANNING TEMPLE
  8928 | Temple   | Entered the Ecumenical Temple
  8962 | Temple   | 8962 ||| PLANNING OKAWARU WORSHIP
  9122 | Temple   | Fell from the grace of Ignis
  9122 | Temple   | Became a worshipper of Warmaster Okawaru
  9122 | Temple   | 9122 ||| PLANNING D:1-11
  9224 | D:10     | Noticed a two-headed ogre
  9225 | D:10     | 9225 ||| STAIRDANCE
  9241 | D:9      | Killed a two-headed ogre
  9378 | D:10     | 9378 ||| STAIRDANCE
  9515 | D:10     | 9515 ||| Stepping ~*~*~tactically~*~*~ (hiding).
  9516 | D:10     | 9516 ||| Stepping ~*~*~tactically~*~*~ (hiding).
  9530 | D:10     | 9530 ||| Stepping ~*~*~tactically~*~*~ (hiding).
  9688 | D:10     | Found Odde's Book Shoppe.
  9801 | D:10     | Found a staircase to the Lair.
  9973 | D:10     | 9973 ||| Stepping ~*~*~tactically~*~*~ (hiding).
  9986 | D:10     | Reached * piety under Okawaru
 10005 | D:10     | 10005 ||| INVOKING Heroism.
 10137 | D:10     | 10137 ||| PLANNING LAIR
 10137 | D:10     | 10137 ||| UPGRADING to ring of see invisible.
 10139 | D:10     | 10139 ||| DRINKING 2 fuming green potions.
 10140 | D:10     | 10140 ||| DROPPING potion of invisibility.
 10173 | D:10     | 10173 ||| INVOKING Heroism.
 10441 | Lair:1   | Entered Level 1 of the Lair of Beasts
 10485 | Lair:1   | Reached skill level 1 in Invocations
 10553 | Lair:1   | 10553 ||| Stepping ~*~*~tactically~*~*~ (stealth).
 10641 | Lair:1   | 10641 ||| INVOKING Heroism.
 10819 | Lair:1   | 10819 ||| INVOKING Heroism.
 10825 | Lair:1   | Reached skill level 3 in Invocations
 10832 | Lair:1   | Reached ** piety under Okawaru
 10839 | Lair:1   | 10839 ||| INVOKING Heroism.
 10931 | Lair:1   | 10931 ||| Stepping ~*~*~tactically~*~*~ (stealth).
 10932 | Lair:1   | 10932 ||| INVOKING Heroism.
 10952 | Lair:1   | Reached XP level 12. HP: 80/85 MP: 13/15
 10959 | Lair:1   | 10959 ||| INVOKING Heroism.
 10975 | Lair:1   | Reached skill level 12 in Axes
 11168 | Lair:1   | Reached *** piety under Okawaru
 11173 | Lair:1   | Noticed a boulder beetle
 11174 | Lair:1   | 11174 ||| Stepping ~*~*~tactically~*~*~ (stealth).
 11175 | Lair:1   | 11175 ||| Stepping ~*~*~tactically~*~*~ (stealth).
 11199 | Lair:1   | 11199 ||| Stepping ~*~*~tactically~*~*~ (stealth).
 11200 | Lair:1   | 11200 ||| Stepping ~*~*~tactically~*~*~ (stealth).
 11201 | Lair:1   | 11201 ||| INVOKING Heroism.
 11222 | Lair:1   | 11222 ||| INVOKING Heroism.
 11240 | Lair:1   | Killed a boulder beetle
 11241 | Lair:1   | Reached skill level 9 in Armour
 11398 | Lair:1   | 11398 ||| Stepping ~*~*~tactically~*~*~ (stealth).
 11598 | Lair:1   | You fall into a shaft and drop 1 floor!
 11664 | Lair:2   | You fall into a shaft and drop 2 floors!
 11696 | Lair:4   | Received a gift from Okawaru
 11697 | Lair:4   | 11697 ||| Stepping ~*~*~tactically~*~*~ (stealth).
 11712 | Lair:4   | Reached skill level 3 in Throwing
 11712 | Lair:4   | Reached **** piety under Okawaru
 11781 | Lair:4   | 11781 ||| INVOKING Heroism.
 11832 | Lair:4   | 11832 ||| INVOKING Heroism.
 11836 | Lair:4   | 11836 ||| Stepping ~*~*~tactically~*~*~ (stealth).
 11854 | Lair:4   | 11854 ||| INVOKING Heroism.
 11881 | Lair:4   | 11881 ||| INVOKING Heroism.
 11966 | Lair:4   | Noticed a death yak
 11967 | Lair:4   | 11967 ||| INVOKING Heroism.
 11968 | Lair:4   | Noticed a death yak
 11983 | Lair:4   | Killed a death yak
 11985 | Lair:4   | Killed a death yak
 12017 | Lair:4   | 12017 ||| UPGRADING to +0 kite shield.
 12022 | Lair:4   | 12022 ||| READING scroll labelled ZAOSA RAAVIOT.
 12022 | Lair:4   | Identified a scroll of acquirement
 12022 | Lair:4   | 12022 ||| ACQUIRING +2 pair of gloves of Dyspraxia {rF+
                  | Int+3 Dex-3}
 12022 | Lair:4   | Acquired the +2 pair of gloves of Dyspraxia {rF+ Int+3
                  | Dex-3}
 12024 | Lair:4   | 12024 ||| READING scroll labelled EFEWOMELARI.
 12025 | Lair:4   | 12025 ||| READING 3 scrolls of identify.
 12025 | Lair:4   | 12025 ||| IDENTIFYING fuming red potion
 12031 | Lair:4   | 12031 ||| INVOKING Heroism.
 12045 | Lair:4   | Reached skill level 1 in Shields
 12327 | Lair:2   | Reached XP level 13. HP: 77/90 MP: 16/16
 12336 | Lair:2   | 12336 ||| INVOKING Heroism.
 12469 | Lair:2   | 12469 ||| READING scroll labelled CYPPAN YGYRUE.
 12636 | Lair:2   | Reached skill level 3 in Shields
 12709 | Lair:2   | 12709 ||| INVOKING Heroism.
 12735 | Lair:2   | Identified the ring of the Feral God {Drain Fly rF+ Str+2}
 12744 | Lair:2   | Found a bloodstained altar of Trog.
 12780 | Lair:2   | 12780 ||| DRINKING 9 potions of curing.
 12780 | Lair:2   | 12780 ||| (to cure confusion)
 12800 | Lair:2   | Found a hole to the Spider Nest.
 12810 | Lair:2   | 12810 ||| INVOKING Heroism.
 12814 | Lair:2   | 12814 ||| Stepping ~*~*~tactically~*~*~ (stealth).
 12818 | Lair:2   | 12818 ||| DRINKING 8 potions of curing.
 12818 | Lair:2   | 12818 ||| (to cure confusion)
 12826 | Lair:2   | 12826 ||| DRINKING 7 potions of curing.
 12826 | Lair:2   | 12826 ||| (to cure confusion)
 12831 | Lair:2   | 12831 ||| INVOKING Heroism.
 12839 | Lair:2   | Reached skill level 6 in Invocations
 12863 | Lair:2   | Was forgiven by Ignis
 12864 | Lair:2   | 12864 ||| INVOKING Heroism.
 13033 | Lair:2   | 13033 ||| INVOKING Heroism.
 13420 | Lair:2   | 13420 ||| UPGRADING to ring of the Feral God {Drain Fly rF+
                  | Str+2}.
 13422 | Lair:2   | 13422 ||| READING 4 scrolls of identify.
 13422 | Lair:2   | 13422 ||| IDENTIFYING cyan potion
 13602 | Lair:3   | 13602 ||| Stepping ~*~*~tactically~*~*~ (stealth).
 13723 | Lair:3   | 13723 ||| INVOKING Heroism.
 13776 | Lair:3   | Found a burning altar of Makhleb.
 13783 | Lair:3   | 13783 ||| INVOKING Heroism.
 13945 | Lair:3   | 13945 ||| INVOKING Heroism.
 13947 | Lair:3   | Reached skill level 6 in Shields
 14028 | Lair:3   | 14028 ||| INVOKING Heroism.
 14123 | Lair:3   | 14123 ||| INVOKING Heroism.
 14541 | Lair:3   | 14541 ||| READING scroll labelled UTYNEGUOLEWN.
 14558 | Lair:4   | Found a viscous altar of Jiyva.
 14558 | Lair:4   | Found a staircase to the Slime Pits.
 33486 | Lair:3   | Glimpsed the power of Zot.
 33986 | Lair:3   | Glimpsed the power of Zot.
 34386 | Lair:3   | Glimpsed the power of Zot.
 34486 | Lair:3   | Touched by the power of Zot.
 34487 | Lair:3   | Glimpsed the power of Zot.
 34987 | Lair:3   | Glimpsed the power of Zot.
 35387 | Lair:3   | Glimpsed the power of Zot.
 35486 | Lair:3   | Touched by the power of Zot.
 35487 | Lair:3   | Glimpsed the power of Zot.
 35987 | Lair:3   | Glimpsed the power of Zot.
 36387 | Lair:3   | Glimpsed the power of Zot.
 36486 | Lair:3   | Touched by the power of Zot.
 36487 | Lair:3   | Glimpsed the power of Zot.
 36987 | Lair:3   | Glimpsed the power of Zot.
 37387 | Lair:3   | Glimpsed the power of Zot.
 37486 | Lair:3   | Touched by the power of Zot.
 37487 | Lair:3   | Glimpsed the power of Zot.
 37987 | Lair:3   | Glimpsed the power of Zot.
 38387 | Lair:3   | Glimpsed the power of Zot.
 38486 | Lair:3   | Touched by the power of Zot.
 38487 | Lair:3   | Glimpsed the power of Zot.
 38987 | Lair:3   | Glimpsed the power of Zot.
 39387 | Lair:3   | Glimpsed the power of Zot.
 39486 | Lair:3   | Touched by the power of Zot.
 39487 | Lair:3   | Glimpsed the power of Zot.
 39987 | Lair:3   | Glimpsed the power of Zot.
 40387 | Lair:3   | Glimpsed the power of Zot.
 40486 | Lair:3   | Touched by the power of Zot.
 40487 | Lair:3   | Glimpsed the power of Zot.
 40987 | Lair:3   | Glimpsed the power of Zot.
 41387 | Lair:3   | Glimpsed the power of Zot.
 41486 | Lair:3   | Touched by the power of Zot.
 41487 | Lair:3   | Glimpsed the power of Zot.
 41987 | Lair:3   | Glimpsed the power of Zot.
 42387 | Lair:3   | Glimpsed the power of Zot.
 42486 | Lair:3   | Touched by the power of Zot.
 42487 | Lair:3   | Glimpsed the power of Zot.
 42987 | Lair:3   | Glimpsed the power of Zot.
 43387 | Lair:3   | Glimpsed the power of Zot.
 43486 | Lair:3   | Touched by the power of Zot.
 43487 | Lair:3   | Glimpsed the power of Zot.
 43987 | Lair:3   | Glimpsed the power of Zot.
 44387 | Lair:3   | Glimpsed the power of Zot.
 44486 | Lair:3   | Touched by the power of Zot.
 44487 | Lair:3   | Glimpsed the power of Zot.
 44987 | Lair:3   | Glimpsed the power of Zot.
 45387 | Lair:3   | Glimpsed the power of Zot.
 45486 | Lair:3   | Touched by the power of Zot.
 45487 | Lair:3   | Glimpsed the power of Zot.
 45987 | Lair:3   | Glimpsed the power of Zot.
 46387 | Lair:3   | Glimpsed the power of Zot.
 46486 | Lair:3   | Touched by the power of Zot.
 46487 | Lair:3   | Quit the game

Levels and vault maps discovered:
D:1:      onia_arrival_handbag, layout_basic, serial_shops,
          nicolae_shop_pleasant_corner_grove
D:2:      layout_basic, uniq_sigmund
D:3:      layout_loops_ring, shapermc_ecumenical_altar_hornbeckon
D:4:      layout_cave_pods, grunt_ashenzari_visionary
          [grunt_ashenzari_visionary_shoals, grunt_ashenzari_visionary_spider],
          nicolae_qazlal_eye_of_the_storm, mainiacjoe_overflow_boulevard,
          nicolae_goblin_pals, uniq_grinder
D:5:      layout_cave_pools, fedhas_altar_decomposition, lemuel_doored_altar,
          nicolae_hepliaklqana_monster_ancestors, minmay_temple_entry_tees,
          serial_shops, shop, minmay_ruined_shrine
D:6:      layout_basic, makhleb_grotto_becter
D:7:      corexii_shantytown, layout_gridville, nicolae_uskayaw_en_pointe,
          jmf_multi_god_temple2, enter_bailey_3, uniq_prince_ribbit1,
          uniq_menkaure
D:8:      layout_loops_cross
D:9:      layout_loops_ring, mainiacjoe_overflow_24_doors,
          minmay_misc_feat_columns
D:10:     layout_roguey, lair_entry_dummy, special_room [special_room_orc],
          serial_shops, shop, minmay_misc_feat_hallway, uniq_lodul
Temple:   nicolae_temple_bog_church
Lair:1:   lemuel_reptile_caves, layout_loops_ring, hangedman_lair_generics_rect
Lair:2:   layout_long_grid, nicolae_spider_entry_lesser_pyramids, basic_altar,
          minivault_19
Lair:3:   layout_cave_pods, nicolae_shoals_entry_flooding, lemuel_centaur_altar,
          infiniplex_staircase_pool_2
Lair:4:   layout_long_grid, slime_entry_1, lemuel_fruit_tree

Skill      XL: |  1  2  3  4  5  6  7  8  9 10 11 12 13 |
---------------+----------------------------------------+-----
Axes           | 3 5 7 8 9 10 11 13 | 13.6
Armour         | 1 2 3 4 7 8 9 |  9.0
Fighting       | 4 5 14 | 14.0
Throwing       | 1 2 3 |  3.7
Dodging        | 2 |  2.1
Invocations    | 4 7 |  7.2
Shields        | 2 7 |  7.2
Spellcasting   | |  1.0
Fire Magic     | |  3.0

Action                     |  1- 3 |  4- 6 |  7- 9 | 10-12 | 13-15 || total
---------------------------+-------+-------+-------+-------+-------++-------
  Melee: Hand axe          |   101 |   102 |    77 |       |       ||   280
         Punch             |     2 |     3 |     2 |    12 |       ||    19
         War axe           |       |       |    79 |   811 |   227 ||  1117
  Throw: Boomerang         |       |    21 |     6 |    90 |    37 ||   154
         Javelin           |       |       |       |     8 |     3 ||    11
 Invoke: Fiery Armour      |     3 |     3 |     3 |     3 |       ||    12
         Heroism           |       |       |       |    15 |    11 ||    26
    Use: Scroll            |     1 |     3 |    10 |    11 |     3 ||    28
         Potion            |       |     2 |     4 |     2 |     3 ||    11
 Armour: Robe              |    38 |       |       |       |       ||    38
         Scale mail        |     3 |    63 |    41 |       |       ||   107
         Chain mail        |       |       |    89 |       |       ||    89
         Plate armour      |       |       |       |   676 |   240 ||   916
  Dodge: Dodged            |    65 |    33 |    42 |   259 |    76 ||   475
  Block: Kite shield       |       |       |       |    10 |   134 ||   144

Table legend:
 A = Non-vault XP
 B = Vault XP
 C = Vault XP percentage of total XP
 D = Non-vault monster count
 E = Vault monster count
 F = Vault count percentage of total count
                 A         B        C        D         E       F
            +---------+---------+-------+---------+---------+-------
      Total |   32292 |   11418 |  26.1 |     288 |     145 |  33.5
            +---------+---------+-------+---------+---------+-------
        D:1 |      53 |       5 |   8.6 |      34 |       4 |  10.5
        D:2 |      34 |     231 |  87.2 |      12 |       1 |   7.7
        D:3 |     120 |      51 |  29.8 |      23 |       2 |   8.0
        D:4 |     215 |     287 |  57.2 |      12 |       6 |  33.3
        D:5 |     296 |     494 |  62.5 |      10 |      12 |  54.5
        D:6 |    1137 |      11 |   1.0 |      18 |       1 |   5.3
        D:7 |    1354 |     563 |  29.4 |      22 |      36 |  62.1
        D:8 |     591 |       0 |   0.0 |      15 |       0 |   0.0
        D:9 |    3031 |       0 |   0.0 |      38 |       0 |   0.0
       D:10 |    1500 |    2187 |  59.3 |      16 |      32 |  66.7
     Lair:1 |    5876 |    5116 |  46.5 |      27 |      42 |  60.9
     Lair:2 |    5744 |    1540 |  21.1 |      19 |       4 |  17.4
     Lair:3 |    5557 |     933 |  14.4 |      22 |       5 |  18.5
     Lair:4 |    6784 |       0 |   0.0 |      20 |       0 |   0.0
            +---------+---------+-------+---------+---------+-------
